 Seeded DCSS version 0.27-a0-668-gb5737ff2c0 (webtiles) character file.

Game seed: 314159265359 (custom seed)

848 Snicker the Sneak (level 7, -14/52 HPs)
             Began as a Demonspawn Brigand on Mar 16, 2021.
             Was an Initiate of Gozag.
             Demolished by an orc warrior
             ... wielding a +0 short sword
              (17 damage)
             ... on level 5 of the Dungeon on Mar 18, 2021.
             The game lasted 00:07:20 (5146 turns).

Snicker the Sneak (Demonspawn Brigand)              Turns: 5146, Time: 00:07:21

Health: -14/52     AC: 11    Str: 11    XL:     7   Next: 69%
Magic:  7/7        EV: 12    Int: 13    God:    Gozag
Gold:   315        SH:  0    Dex: 16    Spells: 6/6 levels left

rFire    . . .     SeeInvis .   b - +4 quarterstaff (chaos)
rCold    . . .     Faith    .   (shield currently unavailable)
rNeg     . . .     Spirit   .   z - +0 leather armour
rPois    .         Reflect  .   x - +2 helmet
rElec    .         Harm     .   w - +2 cloak {Stlth+}
rCorr    .         Rampage  .   o - +0 pair of gloves
Will     .....                  y - +0 pair of boots
Stlth    ++++......             (no amulet)
HPRegen  1.17/turn              h - +4 ring of slaying
MPRegen  0.10/turn              (no ring)

@: gold aura
A: claws 1, foul stench 1, powered by death 2
a: Renounce Religion, Potion Petition, Call Merchant, Bribe Branch


You were on level 5 of the Dungeon.
You worshipped Gozag.
Gozag was aware of your devotion.
You visited 2 branches of the dungeon, and saw 7 of its levels.

You collected 391 gold pieces.
You paid 76 gold pieces to Gozag.

Inventory:

Hand Weapons
 a - a +2 dagger
 b - a +4 quarterstaff of chaos (weapon)
Missiles
 d - 36 poisoned darts
 e - 2 curare-tipped darts (quivered)
Armour
 c - a +0 cloak
 o - a +0 pair of gloves (worn)
 v - a +0 robe
 w - a +2 cloak of stealth (worn)
 x - a +2 helmet (worn)
 y - a +0 pair of boots (worn)
 z - a +0 leather armour (worn)
Jewellery
 h - a +4 ring of slaying (right hand)
Wands
 t - a wand of flame (15)
 E - a wand of random effects (24)
Scrolls
 f - 2 scrolls of blinking {unknown}
 g - 2 scrolls of magic mapping {unknown}
 i - a scroll of immolation {unknown}
 l - 2 scrolls of enchant armour {unknown}
 m - a scroll of fear {unknown}
 n - 4 scrolls of identify {unknown}
 p - 2 scrolls of teleportation {unknown}
 q - a scroll of noise {unknown}
 s - a scroll of summoning {unknown}
 A - 2 scrolls of amnesia {unknown}
 F - a scroll of torment {unknown}
 G - a scroll of fog {unknown}
Potions
 j - a potion of invisibility {unknown}
 k - a potion of ambrosia {unknown}
 r - a potion of flight {unknown}
 u - a potion of berserk rage {unknown}
 B - 2 potions of degeneration {unknown}
 C - 2 potions of mutation {unknown}
 D - a potion of heal wounds {unknown}


   Skills:
 + Level 3.0 Fighting
 * Level 3.9 Short Blades
 + Level 2.3 Staves
 + Level 1.9 Throwing
 + Level 1.3 Armour
 + Level 2.7 Dodging
 * Level 6.7 Stealth


You had 6 spell levels left.
You didn't know any spells.
Your spell library was empty.

Dungeon Overview and Level Annotations

Branches:
Dungeon (6/15)             Temple (1/1) D:4

Altars:
Cheibriados
Dithmenos
Elyvilon
Fedhas
Gozag
Hepliaklqana
Kikubaaqudgha
Nemelex Xobeh
Okawaru
Qazlal
Ru
Sif Muna
Trog
Vehumet
Wu Jian
Xom
Yredelemnul


Innate Abilities, Weirdness & Mutations

You have sharp fingernails.
You may rarely emit foul miasma when damaged in melee.
You regenerate health from kills.


Message History

There is a stone staircase leading up here.
The leopard gecko misses you. The orc hits you but does no damage.
The orc warrior closely misses you. The orc priest closely misses you.
You climb upwards.
There is a stone staircase leading down here.
Your +4 quarterstaff of chaos is briefly surrounded by a scintillating aura of random colours.
b - a +4 quarterstaff of chaos (weapon)
The leopard gecko barely misses you. The orc warrior barely misses you.
The orc hits you but does no damage. The orc priest closely misses you.
You thump the orc priest!
The orc priest is almost dead.
The leopard gecko bites you but does no damage.
The orc warrior hits you with a +0 short sword!
The orc hits you but does no damage. The orc priest closely misses you.
You sock the orc priest!
You kill the orc priest!
The leopard gecko bites you. The orc warrior closely misses you.
The orc hits you but does no damage.
The leopard gecko bites you but does no damage.
The orc warrior hits you with a +0 short sword!
Things that are here:
5 gold pieces; a +2 falchion of protection The leopard gecko becomes distracted by the nearby gold, dreaming of imaginary riches.
The leopard gecko is no longer distracted by gold.
You barely miss the orc. The orc misses you.
You thump the orc!
You kill the orc!
The leopard gecko bites you.
You thump the leopard gecko!
You kill the leopard gecko!
The orc warrior hits you with a +0 short sword!
* * * LOW HITPOINT WARNING * * *
Things that are here:
10 gold pieces; a +0 club Your leather armour prevents you from hitting the orc warrior.
The orc warrior hits you with a +0 short sword!
* * * LOW HITPOINT WARNING * * *
The orc warrior hits you with a +0 short sword!
You die...
Your body crumbles into a pile of gold.

..###.#
#.#########.#####.##..
......#
#.................##..
#.#####
###########.#####.###)
#.#
#...............###.
#.#
#.#.................
#.#
#.#.####.....#......
#.# #.#.#
#.###........ #.#
#.#.# #.# #........
#.# #.#@#
#.###........ ..##
#.#o# #.....#.....#
...# #.#.#
###.#######.# ##.#
#.#.# ###.# #.#
##.###########.$.#
#...# #.#
.........(....>.##
#.#########.#
##.#####.###.##.#
#.##........# ##.# #.#
#.##.# #.##.######.#
...# #.# #.##.# #.##.#
#.#


You could see an orc warrior.

Vanquished Creatures
  Edmund (D:4)
  An ogre (D:5)
  A killer bee (D:3)
  A bullfrog zombie (D:5)
  A hound (D:5)
  An orc priest (D:5)
  Crazy Yiuf (D:2)
  A bullfrog skeleton (D:5)
  Jessica (D:2)
  3 worker ants
  Natasha (thrice) (D:2)
  An iguana (D:5)
  2 orc wizards
  A worker ant zombie (D:5)
  10 adders
  An ufetubus (D:5)
  An ooze (D:2)
  3 worms
  A dart slug (D:3)
  2 leopard geckos
  9 orcs
  2 ball pythons
  6 bats
  A giant cockroach (D:2)
  13 hobgoblins
  5 jackals
  2 quokkas
  4 frilled lizards
  4 goblins
  4 kobolds
  A leopard gecko zombie (D:5)
  10 rats
98 creatures vanquished.

Vanquished Creatures (others)
  A plant (D:4)
1 creature vanquished.

Grand Total: 99 creatures vanquished

Notes
Turn   | Place    | Note
-------+----------+-------------------------------------------
     0 | D:1      | Snicker the Demonspawn Brigand began the quest for the Orb.
     0 | D:1      | Reached XP level 1. HP: 16/16 MP: 1/1
   195 | D:1      | Reached skill level 4 in Stealth
   546 | D:1      | Gained mutation: You regenerate a little health from kills.
                  | [demonic ancestry]
   546 | D:1      | Reached XP level 2. HP: 22/22 MP: 2/2
   730 | D:1      | Found a sparkling altar of Nemelex Xobeh.
  1264 | D:2      | Reached skill level 1 in Dodging
  1324 | D:2      | Found a blossoming altar of Fedhas.
  1351 | D:2      | Gained mutation: You may rarely emit foul miasma when
                  | damaged in melee. [demonic ancestry]
  1351 | D:2      | Reached XP level 3. HP: 21/27 MP: 3/3
  1557 | D:2      | Reached XP level 4. HP: 21/33 MP: 4/4
  1751 | D:2      | Noticed Natasha
  1753 | D:2      | Killed Natasha
  1852 | D:2      | Upgraded the game from 0.27-a0-660-g90476cec82 to
                  | 0.27-a0-668-gb5737ff2c0
  1939 | D:2      | Noticed Natasha
  1954 | D:2      | Killed Natasha
  1955 | D:2      | Reached skill level 5 in Stealth
  2033 | D:2      | Noticed Jessica
  2046 | D:2      | Killed Jessica
  2047 | D:2      | Reached XP level 5. HP: 38/38 MP: 5/5
  2088 | D:2      | Found a runed translucent door.
  2089 | D:2      | Noticed Crazy Yiuf
  2217 | D:2      | Noticed Natasha
  2243 | D:2      | Killed Natasha
  2322 | D:2      | Killed Crazy Yiuf
  2517 | D:3      | Found a radiant altar of Vehumet.
  2519 | D:3      | Gained mutation: You regenerate health from kills. [demonic
                  | ancestry]
  2519 | D:3      | Reached XP level 6. HP: 46/46 MP: 6/6
  2704 | D:3      | Found a stormy altar of Qazlal.
  2709 | D:3      | Found a transporter.
  2718 | D:3      | Found a transporter.
  2920 | D:3      | Reached skill level 1 in Staves
  3118 | D:4      | Found a staircase to the Ecumenical Temple.
  3146 | D:4      | Noticed Edmund
  3177 | D:4      | Killed Edmund
  3202 | Temple   | Entered the Ecumenical Temple
  3213 | Temple   | Became a worshipper of Gozag Ym Sagoz the Greedy
  3530 | D:4      | Reached skill level 6 in Stealth
  3531 | D:4      | Gained mutation: You have sharp fingernails. [demonic
                  | ancestry]
  3531 | D:4      | Reached XP level 7. HP: 51/51 MP: 7/7
  3551 | D:4      | Found a basalt altar of Yredelemnul.
  3872 | D:4      | Found an iron altar of Okawaru.
  3879 | D:4      | Found a shimmering altar of Xom.
  4160 | D:5      | Entered Level 5 of the Dungeon
  4287 | D:5      | Found an ancient bone altar of Kikubaaqudgha.
  4530 | D:5      | Reached skill level 1 in Armour
  5146 | D:5      | Demolished by an orc warrior

Illustrated notes

Levels and vault maps discovered:
D:1:      evilmike_arrival_fibonacci_small, layout_basic,
          nemelex_diamond_rough_becter
D:2:      layout_basic, fedhas_ov_isle_minmay, uniq_jessica, uniq_natasha,
          uniq_crazy_yiuf_cottage
D:3:      layout_basic, lemuel_coloured_pillars_altar,
          gammafunk_temple_overflow_arena
D:4:      layout_basic, kennysheep_mini_moat, grunt_temple_overflow_open,
          minmay_temple_entry_gardened_gates, serial_forest,
          infiniplex_forest_straight_2, infiniplex_forest_corner_1,
          infiniplex_forest_lined_1, infiniplex_forest_lined_2,
          infiniplex_forest_zigzag_1, infiniplex_forest_corner_1,
          infiniplex_forest_clump_diagonal, lightli_corner_chamber, uniq_edmund
D:5:      layout_loops_ring, nicolae_kikubaaqudgha_miasma_corner
D:6:      kennysheep_steamy, layout_basic, grunt_ministairs_9
Temple:   eino_temple_lava

Skill      XL: |  1  2  3  4  5  6  7 |
---------------+----------------------+-----
Stealth        | 4 5 6 |  6.7
Short Blades   | 2 3 |  3.9
Dodging        | 1 2 |  2.7
Staves         | 1 2 |  2.3
Armour         | 1 |  1.3
Fighting       | 3 |  3.0
Throwing       | |  1.9

Action                   |  1- 3 |  4- 6 |  7- 9 || total
-------------------------+-------+-------+-------++-------
Melee: Dagger            |    75 |    53 |    12 ||   140
       Quarterstaff      |       |    53 |    32 ||    85
Throw: Dart              |       |     2 |       ||     2
  Use: Potion            |     1 |       |     1 ||     2
 Stab: Sleeping          |     3 |    11 |     8 ||    22
       Paralysed         |       |       |     1 ||     1
Armor: Robe              |    21 |     6 |       ||    27
       Leather armour    |       |    28 |    18 ||    46
Dodge: Dodged            |    39 |    58 |    29 ||   126

Table legend: (Time is in decaauts)
 A = Elapsed time spent in this place.
 B = Non-inter-level travel time spent in this place.
 C = Inter-level travel time spent in this place.
 D = Time resting spent in this place.
 E = Time spent auto-exploring this place.
 F = Levels seen in this place.
 G = Mean time per level.
                   A        B        C        D        E       F      G
               +--------+--------+--------+--------+--------+-----+--------+
         Total |   5137 |   4947 |    190 |    514 |   3454 |   7 |  733.9 |
       Dungeon |   5115 |   4934 |    181 |    514 |   3454 |   6 |  852.5 |
        Temple |     21 |     12 |      9 |      0 |      0 |   1 |   21.0 |
               +--------+--------+--------+--------+--------+-----+--------+

Top non-repeatable levels by time:
     D:1: 1188 daAuts
     D:2: 1181 daAuts
     D:4: 1138 daAuts
     D:5: 980 daAuts
     D:3: 621 daAuts
  Temple: 21 daAuts
     D:6: 4 daAuts
